 Dungeon Crawl Stone Soup version 0.31-a0-152-g6aa68a64a1 (webtiles) character file.

Game seed: 10923047120006153358

67 qw the Chopper (level 4, -8/28 HPs)
             Began as a Gargoyle Fighter on June 10, 2023.
             Killed by divine providence
             ... invoked by an orc priest
              (9 damage)
             ... on level 3 of the Dungeon.
             The game lasted 00:00:56 (1785 turns).

qw the Chopper (Gargoyle Fighter)                   Turns: 1785, Time: 00:00:56

Health: -8/28      AC: 10    Str: 22    XL:     4   Next: 16%
Magic:  4/4        EV:  9    Int:  8    God:
Gold:   100        SH:  4    Dex:  9    Spells: 3/3 levels left

rFire   . . .        Y - +0 war axe
rCold   + . .        c - +0 buckler
rNeg    + . .        b - +0 scale mail
rPois   inf          (no helmet)
rElec   +            (no cloak)
rCorr   .            (no gloves)
SInv    .            (no boots)
Will    .....        (no amulet) Stlth
                     g - ring of protection from cold
HPRegen 0.24/turn    (no ring)
MPRegen 0.09/turn

%: no passive effects
@: no status effects
A: sickness immunity, AC +3, negative energy resistance 1, electricity
resistance, torment resistance 1, petrification resistance
a: no special abilities


You were on level 3 of the Dungeon.
You visited 1 branch of the dungeon, and saw 3 of its levels.

You collected 100 gold pieces.


Innate Abilities, Weirdness & Mutations

You are immune to sickness and miasma.
Your stone body is resilient. (AC +3)
You are immune to poison.
You resist negative energy. (rN+)
You are resistant to electric shocks. (rElec)
You are resistant to unholy torment.
You are immune to petrification.


   Skills:
 - Level 3.2 Fighting
 + Level 3.9 Axes
 - Level 3.2 Armour
 - Level 3.2 Shields


You had 3 spell levels left.
You didn't know any spells.
Your spell library was empty.

Inventory:

Hand Weapons
 f - a +0 flail
 Y - a +0 war axe (weapon)
Armour
 b - a +0 scale mail (worn)
 c - a +0 buckler (worn)
Jewellery
 g - a ring of protection from cold (left hand)
Scrolls
 a - a scroll of identify
Potions
 d - 2 potions of might
 e - a potion of curing
 h - a potion of resistance
 i - a potion of degeneration {unknown}
 j - a potion of magic {unknown}

Dungeon Overview and Level Annotations

Branches:
Dungeon (3/15)

Altars:

Shops:
D:3 (


Message History

Found a dagger.
Enter note: You see here a +0 dagger.
There is an entrance to Riorph's Antique Weapon Boutique here.
Enter note:
1778 ||| SHOPLISTING glowing morningstar (224 gold, have 100).
You can access your shopping list by pressing '$'. 2 orcs come into view.
The orc shouts! x2
An orc priest comes into view. It is wielding a +0 falchion.
Enter note: An orc comes into view. It is wielding a +0 dagger.
The orc priest shouts!
Enter note: The orc priest invokes the aid of Beogh against you.
Beogh smites you!
Ouch! That really hurt!
Enter note: The orc closely misses you.
Enter note: You slash the orc!
You kill the orc!
You completely miss the orc.
The orc priest calls down the wrath of Beogh upon you.
Beogh smites you! The orc barely misses you.
You hit the orc but do no damage. You closely miss the orc.
The orc barely misses you. x2
You hit the orc priest.
The orc priest is moderately wounded.
You barely miss the orc. x2
The orc priest misses you. The orc hits you but does no damage. x2
The orc hits you with a +0 dagger.
The orc priest hits you but does no damage.
The orc hits you but does no damage.
You barely miss the orc priest.
The orc priest is moderately wounded.
You hit the orc. x2
The orc priest mumbles some strange prayers to Beogh against you.
Beogh smites you!
You die...

#...# ....# #...# #...#
##### #...##### ...#
#........# #
##.#####....###.### ..
##......)\....o....## ..
#............@o......
...#............o.....##
...#.#.#####....###..##
.......# #...... .#
##.#.### #...#### #
#.#.#### #...# .#......#
#...# ...#.##.# #...#
.....##.####...##


You could see an orc priest and 2 orcs.

Vanquished Creatures
  2 adders
  A worm (D:2)
  An orc (D:3)
  4 ball pythons
  6 bats
  4 endoplasms
  A giant cockroach (D:1)
  4 hobgoblins
  7 kobolds
  A quokka (D:1)
  3 frilled lizards
  6 goblins
40 creatures vanquished.

Notes
Turn   | Place    | Note
-------+----------+-------------------------------------------
     0 | D:1      | qw the Gargoyle Fighter began the quest for the Orb.
     0 | D:1      | Reached XP level 1. HP: 14/14 MP: 1/1
     0 | D:1      | 0 ||| qw: Version: 0.2-a-29-g0080da8
     0 | D:1      | 0 ||| qw: Game counter: 3841
     0 | D:1      | 0 ||| qw: Always use a shield: true
     0 | D:1      | 0 ||| qw: God list: Okawaru
     0 | D:1      | 0 ||| qw: Allow faded altars: false
     0 | D:1      | 0 ||| qw: Do Orc after D:15 true
     0 | D:1      | 0 ||| qw: Do second Lair branch before Depths: true
     0 | D:1      | 0 ||| qw: Lair rune preference: random
     0 | D:1      | 0 ||| qw: Plans: Normal, Zot:1-4, Slime:5, God:TSO, Crypt,
                  | Tomb, Abyss, Pan, Hells, Win
     0 | D:1      | 0 ||| PLANNING D:1-11
   248 | D:1      | Reached XP level 2. HP: 19/19 MP: 2/2
   325 | D:1      | Found a faded altar of an unknown god.
   451 | D:1      | 451 ||| Stepping ~*~*~tactically~*~*~ (hiding).
   452 | D:1      | 452 ||| Stepping ~*~*~tactically~*~*~ (hiding).
   453 | D:1      | 453 ||| Stepping ~*~*~tactically~*~*~ (hiding).
   454 | D:1      | 454 ||| Stepping ~*~*~tactically~*~*~ (hiding).
   464 | D:1      | 464 ||| DROPPING +0 whip.
   817 | D:1      | 817 ||| READING scroll labelled XUIT IKESCHOINOU.
   818 | D:1      | 818 ||| READING scroll labelled PIR DIGALAAGE.
   822 | D:1      | 822 ||| DRINKING 2 puce potions.
   851 | D:2      | 851 ||| STAIRDANCE
   861 | D:1      | Reached skill level 3 in Axes
   861 | D:1      | Reached XP level 3. HP: 23/23 MP: 3/3
   885 | D:2      | 885 ||| Stepping ~*~*~tactically~*~*~ (hiding).
  1160 | D:2      | 1160 ||| DROPPING +0 whip.
  1310 | D:2      | 1310 ||| FLEEEEING.
  1311 | D:2      | 1311 ||| FLEEEEING.
  1312 | D:2      | 1312 ||| FLEEEEING.
  1313 | D:2      | 1313 ||| FLEEEEING.
  1315 | D:2      | 1315 ||| STAIRDANCE
  1334 | D:1      | 1334 ||| UPGRADING to ring of protection from cold.
  1335 | D:1      | 1335 ||| READING 3 scrolls labelled MUHONADYTO.
  1336 | D:1      | 1336 ||| READING 2 scrolls of identify.
  1336 | D:1      | 1336 ||| IDENTIFYING fuming cyan potion
  1446 | D:2      | Reached XP level 4. HP: 28/28 MP: 4/4
  1498 | D:2      | 1498 ||| Stepping ~*~*~tactically~*~*~ (stealth).
  1499 | D:2      | 1499 ||| Stepping ~*~*~tactically~*~*~ (stealth).
  1664 | D:2      | 1664 ||| DROPPING +2 leather armour of positive energy.
  1665 | D:2      | 1665 ||| READING scroll labelled JIMOIMAMUL.
  1769 | D:3      | Found Riorph's Antique Weapon Boutique.
  1778 | D:3      | 1778 ||| SHOPLISTING glowing morningstar (224 gold, have
                  | 100).
  1782 | D:3      | HP: 1/28 [orc priest/divine providence (11)]
  1785 | D:3      | Killed from afar by an orc priest

Levels and vault maps discovered:
D:1:      psy_arrival_terrarium, layout_loops_corners,
          shapermc_ecumenical_altar_mp_urbaneastern
D:2:      layout_loops_cross
D:3:      layout_loops_cross, mainiacjoe_overflow_small_starburst, serial_shops,
          shop, nicolae_shop_bloodbath_and_beyond

Skill      XL: |  1  2 |
---------------+-------+-----
Axes           | 2 3 |  3.9
Fighting       | |  3.2
Armour         | |  3.2
Shields        | |  3.2

Action                     |  1- 3 |  4- 6 || total
---------------------------+-------+-------++-------
  Melee: War axe           |   114 |    27 ||   141
    Use: Scroll            |     4 |     1 ||     5
         Potion            |     1 |       ||     1
 Armour: Scale mail        |    60 |    22 ||    82
  Dodge: Dodged            |    37 |    19 ||    56
  Block: Buckler           |    22 |     7 ||    29

Table legend:
 A = Non-vault XP
 B = Vault XP
 C = Vault XP percentage of total XP
 D = Non-vault monster count
 E = Vault monster count
 F = Vault count percentage of total count
                 A         B        C        D         E       F
            +---------+---------+-------+---------+---------+-------
      Total |      96 |       0 |   0.0 |      40 |       0 |   0.0
            +---------+---------+-------+---------+---------+-------
        D:1 |      40 |       0 |   0.0 |      17 |       0 |   0.0
        D:2 |      50 |       0 |   0.0 |      20 |       0 |   0.0
        D:3 |       6 |       0 |   0.0 |       3 |       0 |   0.0
            +---------+---------+-------+---------+---------+-------
